 Dungeon Crawl Stone Soup version 0.29-a0-338-g1ff7896281 (webtiles) character file.

Game seed: 12143840101965195505

996 bande the Chopper (level 8, -2/48 HPs)
             Began as a Gargoyle Fighter on Apr 17, 2022.
             Slain by Menkaure (16 damage)
             ... on level 4 of the Dungeon.
             The game lasted 00:06:22 (4255 turns).

bande the Chopper (Gargoyle Fighter)                Turns: 4255, Time: 00:06:23

Health: -2/48      AC: 17    Str: 23    XL:     8   Next: 19%
Magic:  8/8        EV:  9    Int:  8    God:
Gold:   227        SH:  5    Dex: 14    Spells: 7/7 levels left

rFire   . . .      SeeInvis +   a - +0 war axe
rCold   . . .      Faith    .   c - +0 buckler
rNeg    + + .      Spirit   .   b - +0 scale mail
rPois   ∞          Reflect  .   f - +2 helmet
rElec   +          Harm     .   (no cloak)
rCorr   .          Rampage  .   n - +0 pair of gloves "Olunosch" {rPois Will++ Dex+3 SInv}
Will    ++...                   (no boots)
Stlth   ..........              (no amulet)
HPRegen 0.16/turn               q - ring of the Pure Riding Coins {rN+ Str+2}
MPRegen 0.11/turn               (no ring)

@: no status effects
A: sickness immunity, AC +5, negative energy resistance 1, electricity
resistance, torment resistance 1, petrification resistance
a: no special abilities


You were on level 4 of the Dungeon.
You visited 1 branch of the dungeon, and saw 4 of its levels.
You also visited: Sewer.

You collected 227 gold pieces.

Inventory:

Hand Weapons
 a - a +0 war axe (weapon)
 e - a +0 war axe
 l - a +0 flail
Armour
 b - a +0 scale mail (worn)
 c - a +0 buckler (worn)
 f - a +2 helmet (worn)
 n - the +0 pair of gloves "Olunosch" (worn) {rPois Will++ Dex+3 SInv}
   (You acquired it on level 2 of the Dungeon)

   Dex:       It affects your dexterity (+3).
   rPois:     It protects you from poison.
   SInv:      It lets you see invisible.
   Will:      It greatly increases your willpower.
Jewellery
 j - a ring of ice
 q - the ring of the Pure Riding Coins (left hand) {rN+ Str+2}
   (You found it on level 3 of the Dungeon)

   [ring of positive energy]

   Str:       It affects your strength (+2).
   rN:        It protects you from negative energy.
Wands
 o - a wand of iceblast (8)
Scrolls
 k - 3 scrolls of enchant armour
 p - 3 scrolls of teleportation
 r - 3 scrolls of magic mapping {unknown}
 u - a scroll of identify
Potions
 d - 2 potions of might
 g - 3 potions of resistance
 h - a potion of curing
 i - a potion of berserk rage
 m - a potion of lignification {unknown}
 s - 3 potions of haste {unknown}
 t - a potion of heal wounds
 v - a potion of brilliance {unknown}
 w - a potion of mutation {unknown}
 x - a potion of ambrosia {unknown}


   Skills:
 + Level 4.5 Fighting
 + Level 6.0 Axes
 + Level 5.3 Armour
 + Level 4.4 Shields
 * Level 3.1 Evocations


You had 7 spell levels left.
You didn't know any spells.
Your spell library was empty.

Dungeon Overview and Level Annotations

Branches:
Dungeon (4/15)              Sewer (visited)
 Temple: D:4-7

Altars:
Trog

Annotations:
D:4 Menkaure


Innate Abilities, Weirdness & Mutations

You are immune to sickness and miasma.
Your stone body is resilient. (AC +5)
You are immune to poison.
You resist negative energy. (rN+)
You are resistant to electric shocks. (rElec)
You are resistant to unholy torment.
You are immune to petrification.


Message History

Found a dagger.
There is an open door here.
Found a short sword.
There is an open door here.
Menkaure, Prince of Dust comes into view.
Menkaure shouts!
You hit Menkaure.
Menkaure is moderately damaged.
Menkaure casts a spell.
Menkaure seems to speed up.
You barely miss Menkaure.
Menkaure is moderately damaged.
Menkaure hits you. You block Menkaure's attack.
You hit Menkaure.
Menkaure is moderately damaged.
Menkaure calls on the powers of darkness!
Your body is wracked with pain!
Menkaure calls on the powers of darkness!
Your body is wracked with pain!
You hit Menkaure but do no damage.
Menkaure is moderately damaged.
Menkaure gestures at you while chanting.
You resist with almost no effort.
You hit Menkaure.
Menkaure is heavily damaged.
Menkaure closely misses you.
You hit Menkaure but do no damage.
Menkaure is heavily damaged.
Menkaure hits you! Menkaure hits you.
You are too injured to fight recklessly!
You are too injured to fight recklessly!
You are too injured to fight recklessly!
You are too injured to fight recklessly!
You are too injured to fight recklessly!
You feel better. Menkaure hits you!
* * * LOW HITPOINT WARNING * * *
You hit Menkaure but do no damage.
Menkaure is heavily damaged.
Menkaure hits you!
You die...

#... #.# ##### ≈#
#.# ≈# #.# #≈##
#># ##.≈. #.# #..≈
#.# #.. #.# #M#
#.#
###+############@#
#.#
.................#
#.#
#............####
#.# #............#
#.# #............#
#.# #............#
#.# #............#
#.# #............#
#.#
##............#
##### #.#


You could see Menkaure (fast).

Vanquished Creatures
  Pikel (D:3)
  Grinder (D:3)
  A lemure (D:4)
  A necrophage (D:4)
  2 hounds
  A jelly (D:4)
  2 orc wizards (D:4)
  9 adders
  5 worms
  5 dart slugs
  2 orcs (D:4)
  4 bats
  9 endoplasms
  5 giant cockroaches
  2 hobgoblins
  2 jackals (D:4)
  4 kobolds
  A quokka (D:3)
  6 ball pythons
  7 frilled lizards
  3 goblins
  13 rats
86 creatures vanquished.

Notes
Turn   | Place    | Note
-------+----------+-------------------------------------------
     0 | D:1      | bande the Gargoyle Fighter began the quest for the Orb.
     0 | D:1      | Reached XP level 1. HP: 14/14 MP: 1/1
   101 | D:1      | Reached skill level 2 in Axes
   131 | D:1      | Reached XP level 2. HP: 14/19 MP: 2/2
   767 | D:1      | Reached XP level 3. HP: 23/23 MP: 3/3
  1306 | D:2      | Found a bloodstained altar of Trog.
  1420 | D:2      | Identified a scroll of acquirement
  1420 | D:2      | Acquired the +0 pair of gloves "Olunosch" {rPois Will++
                  | Dex+3 SInv}
  1540 | D:2      | Reached XP level 4. HP: 28/28 MP: 4/4
  1632 | D:2      | Found a faded altar of an unknown god.
  2013 | D:3      | Reached skill level 3 in Axes
  2055 | D:3      | Reached XP level 5. HP: 33/33 MP: 5/5
  2081 | D:3      | Found a glowing drain.
  2100 | Sewer    | Entered a sewer
  2311 | Sewer    | Reached skill level 1 in Evocations
  2843 | D:3      | Identified the ring of the Pure Riding Coins {rN+ Str+2}
  2888 | D:3      | Noticed Grinder
  2911 | D:3      | Killed Grinder
  2912 | D:3      | Reached skill level 4 in Axes
  2912 | D:3      | Reached XP level 6. HP: 24/38 MP: 6/6
  3597 | D:4      | Reached XP level 7. HP: 43/43 MP: 7/7
  3685 | D:4      | Noticed Pikel
  3709 | D:3      | Killed Pikel
  3710 | D:3      | Reached skill level 5 in Axes
  3710 | D:3      | Reached skill level 5 in Armour
  3710 | D:3      | Reached XP level 8. HP: 29/48 MP: 8/8
  4145 | D:4      | Reached skill level 6 in Axes
  4246 | D:4      | Noticed Menkaure
  4255 | D:4      | Slain by Menkaure

Illustrated notes

Levels and vault maps discovered:
D:1:      mrwooster_arrival_statue_2, layout_loops_ring, feat_on_display
D:2:      layout_rooms, shapermc_ecumenical_altar_ellora, basic_altar,
          minivault_23
D:3:      layout_loops_corners, cheibrodos_sewer_entry_bend, uniq_grinder
D:4:      layout_basic, chequers_serial_rivers_micro_a,
          chequers_serial_rivers_micro_a, uniq_sigmund, uniq_menkaure,
          uniq_pikel

Skill      XL: |  1  2  3  4  5  6  7  8 |
---------------+-------------------------+-----
Axes           | 2 3 4 5 6 |  6.0
Armour         | 4 5 |  5.3
Evocations     | 2 3 |  3.1
Fighting       | 4 |  4.5
Shields        | 4 |  4.4

Action                   |  1- 3 |  4- 6 |  7- 9 || total
-------------------------+-------+-------+-------++-------
Melee: War axe           |   107 |   152 |    62 ||   321
  Use: Scroll            |     5 |     5 |       ||    10
       Potion            |       |       |     2 ||     2
Armor: Scale mail        |    64 |   115 |    28 ||   207
Dodge: Dodged            |    67 |    69 |    24 ||   160
Block: Buckler           |    25 |    29 |    14 ||    68

Table legend: (Time is in decaauts)
 A = Elapsed time spent in this place.
 B = Non-inter-level travel time spent in this place.
 C = Inter-level travel time spent in this place.
 D = Time resting spent in this place.
 E = Time spent auto-exploring this place.
 F = Levels seen in this place.
 G = Mean time per level.
                   A        B        C        D        E       F      G
               +--------+--------+--------+--------+--------+-----+--------+
         Total |   4428 |   4381 |     47 |    734 |   2733 |   5 |  885.6 |
       Dungeon |   3821 |   3774 |     47 |    570 |   2486 |   4 |  955.2 |
         Sewer |    607 |    607 |      0 |    164 |    246 |   1 |  607.0 |
               +--------+--------+--------+--------+--------+-----+--------+

Top non-repeatable levels by time:
     D:3: 1411 daAuts
     D:1: 1041 daAuts
     D:2: 886 daAuts
   Sewer: 607 daAuts
     D:4: 481 daAuts
